cohdb
Replays
Latest Replays
All Replays
Popular Replays
Top Player Replays
Match Explorer
How It Works
Community
CoH3 Stats
Reddit
Sign in to upload your games and track your stats! →
Sign in with Steam
Match 29290745
Unlisted
Match 29290745
Overview
Messages
Build Orders
End
Selects Italian Combined Arms Battlegroup
Selects Bersaglieri Squad
Bersaglieri Squad
Kradschützen Motorcycle Team
Bersaglieri Squad
Bersaglieri Squad
Construct Light Support Kompanie
Selects Bersaglieri Bolster
Fire Support Elements
Flakvierling Half-track
Panzerpioneer Squad
Selects Breda Model 30 Light Machine Guns
Panzerjäger Mechanized Group
Construct Panzerarmee Kommand
Emergency Repair Kits
Vehicle Survival Package
Armored Reserves
2.5-tonne Medical Truck
Tiger Heavy Tank
Rapid Advance
^3
GloriousBastard
0
0
Comments
sign in to comment!
No comments posted yet!